Map: Polka LE

Players

FilipAlexand - Winner!

  • Race: Protoss Protoss
  • Spawn Location: 11:00

ProtossAlinn - Winner!

  • Race: Protoss Protoss
  • League: Diamond
  • Spawn Location: 11:00

Massa

  • Race: Terran Terran
  • League: Platinum
  • Spawn Location: 5:00

qqq

  • Race: Zerg Zerg
  • Spawn Location: 5:00

VOD

Have the link to the VOD?

Description

Time

  • Played on: March 22, 2021, 1:12 p.m.
  • Length: 7:48
Show
View Real Time Build Order
Export as new Build Order

FilipAlexand Protoss - Winner!

Build Orders: Dark Templar Rush 

Get SALT Encoding   

  12  0:02  Probe  
  13  0:15  Probe  
  13  0:19  Pylon  
  14  0:27  Probe  
  15  0:39  Probe  
  15  0:41  Gateway  
  16  0:51  Probe  
  16  0:56  Assimilator  
  17  1:03  Probe  
  18  1:10  Assimilator  
  18  1:15  Probe  
  19  1:27  Probe  
  19  1:32  Cybernetics Core  
  20  1:48  Nexus  
  20  1:52  Probe  
  21  2:04  Probe  
  22  2:12  Pylon  
  22  2:17  Probe  
  23  2:30  Pylon, Adept (Chrono Boost)  
  25  2:40  Warp Gate  
  25  2:53  Adept (Chrono Boost)  
  25  2:56  Twilight Council  
  25  2:58  Probe  
  28  3:10  Probe x2  
  30  3:14  Pylon  
  30  3:20  Adept  
  30  3:22  Probe x2  
  34  3:34  Probe, Dark Shrine  
  34  3:35  Gateway  
  34  3:37  Probe  
  36  3:44  Gateway  
  36  3:52  Pylon  
  36  3:54  Probe x2  
  38  4:00  Assimilator  
  38  4:06  Probe  
  38  4:07  Probe  
  40  4:18  Probe  
  40  4:19  Probe  
  40  4:21  Robotics Facility  
  42  4:28  Gateway  
  42  4:37  Probe  
  43  4:39  Assimilator  
  43  4:47  Dark Templar x3  
  49  5:13  Dark Templar  
  51  5:18  Dark Templar  
  39  5:35  Warp Prism  
  39  5:42  Shield Battery  
  41  5:50  Dark Templar  
  41  5:54  Zealot x2  
  47  6:07  Gateway  
  47  6:09  Gateway  
  47  6:10  Gateway  
  47  6:11  Gateway  
  47  6:15  Pylon  
  47  6:17  Dark Templar  
  49  6:25  Warp Prism  
  50  6:43  Zealot x2  
  40  7:01  Templar Archives  
  40  7:02  Zealot x2  
  42  7:14  Zealot x2  
  42  7:15  Zealot x3  
  52  7:33  Adept x2  
  52  7:34  Adept  
  58  7:41  Adept x3  
Show
View Real Time Build Order
Export as new Build Order

ProtossAlinn Protoss - Winner!

Build Orders: 1 Gate Expand 

Get SALT Encoding   

  12  0:04  Probe  
  13  0:16  Probe  
  14  0:23  Pylon  
  15  0:28  Probe  
  15  0:41  Gateway  
  15  0:43  Probe (Chrono Boost)  
  16  0:52  Probe (Chrono Boost), Assimilator  
  17  0:57  Probe (Chrono Boost)  
  17  1:01  Assimilator  
  18  1:09  Probe (Chrono Boost)  
  19  1:15  Probe (Chrono Boost)  
  20  1:33  Nexus  
  20  1:49  Cybernetics Core  
  19  1:55  Pylon  
  19  1:57  Probe  
  20  2:09  Probe  
  21  2:21  Probe  
  22  2:23  Adept (Chrono Boost)  
  22  2:28  Warp Gate  
  24  2:40  Stargate  
  24  2:48  Probe  
  24  2:49  Probe  
  24  2:50  Adept  
  28  3:08  Probe (Chrono Boost)  
  28  3:12  Probe (Chrono Boost), Assimilator  
  30  3:16  Assimilator  
  30  3:19  Probe (Chrono Boost)  
  32  3:20  Void Ray  
  32  3:21  Probe (Chrono Boost)  
  36  3:28  Probe (Chrono Boost)  
  36  3:32  Stargate  
  36  3:33  Probe  
  38  3:34  Probe  
  39  3:43  Pylon  
  39  3:45  Probe  
  39  3:47  Probe  
  41  3:55  Void Ray (Chrono Boost)  
  41  3:57  Probe  
  41  3:59  Probe  
  43  4:09  Probe  
  48  4:15  Pylon  
  48  4:21  Shield Battery  
  48  4:25  Void Ray (Chrono Boost)  
  48  4:26  Void Ray (Chrono Boost)  
  52  4:35  Probe  
  57  4:43  Probe  
  58  4:48  Probe  
  59  4:54  Protoss Air Weapons Level 1 (Chrono Boost)  
  59  4:56  Probe  
  60  5:31  Phoenix (Chrono Boost)  
  62  5:39  Shield Battery, Pylon x2  
  62  5:41  Pylon  
  62  5:49  Stargate  
  62  5:50  Shield Battery  
  62  5:53  Nexus  
  62  5:55  Pylon  
  62  5:56  Pylon  
  62  5:57  Probe  
  65  5:59  Fleet Beacon  
  65  6:00  Probe  
  65  6:01  Phoenix (Chrono Boost)  
  66  6:09  Probe  
  66  6:11  Pylon  
  67  6:12  Probe  
  68  6:19  Phoenix  
  68  6:21  Probe  
  68  6:24  Probe  
  72  6:30  Phoenix  
  72  6:31  Phoenix  
  74  6:33  Probe  
  77  6:45  Phoenix  
  79  6:49  Anion Pulse-Crystals (Chrono Boost)  
  79  6:56  Probe x2  
  79  6:58  Phoenix  
  83  7:05  Phoenix  
  85  7:10  Shield Battery  
  85  7:15  Probe x3  
  88  7:27  Probe x3  
Show
View Real Time Build Order
Export as new Build Order

Massa Terran 

Build Orders:  

Get SALT Encoding   

  12  0:00  SCV  
  13  0:13  SCV  
  14  0:23  Supply Depot  
  14  0:25  SCV  
  15  0:31  Refinery  
  15  0:45  SCV  
  15  0:46  Barracks  
  16  0:57  SCV  
  17  1:17  SCV  
  18  1:34  Orbital Command  
  18  1:44  Command Center  
  18  1:55  Barracks Reactor  
  18  1:57  Supply Depot  
  18  2:00  SCV  
  19  2:10  Factory  
  19  2:14  SCV  
  20  2:26  SCV  
  21  2:36  Refinery  
  21  2:37  Marine  
  21  2:38  SCV, Marine  
  24  2:50  SCV  
  25  2:54  Starport  
  25  2:55  Factory Reactor  
  25  2:56  Marine x2  
  25  2:58  Orbital Command  
  27  3:06  Barracks  
  27  3:09  SCV  
  28  3:22  Marine x2  
  30  3:27  SCV x2  
  32  3:39  Medivac x2  
  32  3:40  Marine x2  
  38  3:42  Widow Mine  
  38  3:45  SCV  
  38  3:46  SCV  
  42  3:53  Barracks Tech Lab  
  42  3:58  Marine x2  
  44  4:03  Widow Mine  
  44  4:04  Engineering Bay  
  46  4:11  Supply Depot  
  46  4:12  Supply Depot  
  46  4:33  SCV x2  
  46  4:35  Stimpack  
  46  4:36  Marauder, Marine x2  
  46  4:38  Factory Tech Lab  
  52  4:41  Medivac  
  52  4:45  SCV x2, Missile Turret  
  56  4:47  Missile Turret  
  56  4:54  Marine  
  56  4:55  Marine  
  56  4:57  SCV  
  56  4:58  Cyclone  
  62  5:12  Marine  
  44  5:29  Marauder, Marine x2  
  48  5:39  Widow Mine, SCV  
  48  5:40  SCV  
  52  5:46  Marine  
  52  5:47  Marine  
  54  5:50  Refinery, Marauder, Missile Turret  
  54  5:52  SCV x2, Terran Infantry Weapons Level 1  
  54  5:53  Refinery  
  58  5:59  Supply Depot  
  58  6:04  SCV, Marine  
  59  6:05  Marine  
  59  6:09  Barracks  
  61  6:11  Marine  
  61  6:14  Combat Shield  
  61  6:16  Command Center  
  62  6:21  SCV x2  
  62  6:22  Supply Depot  
  64  6:26  Cyclone, Supply Depot  
  64  6:30  Marine x2  
  64  6:31  Marine  
  70  6:43  SCV x2  
  72  6:55  SCV  
  73  7:03  Medivac x2  
  77  7:10  Marauder, Marine x2  
  77  7:12  Barracks Reactor  
  81  7:19  Armory  
  81  7:25  Barracks  
  81  7:27  Barracks  
  81  7:29  Marine x2  
  83  7:30  Barracks  
  83  7:31  Barracks  
Show
View Real Time Build Order
Export as new Build Order

qqq Zerg 

Build Orders: Hatch First 

Get SALT Encoding   

  12  0:01  Drone  
  13  0:11  Drone  
  14  0:18  Overlord  
  14  0:46  Hatchery  
  14  0:50  Drone  
  14  0:52  Drone  
  14  0:56  Drone  
  16  1:02  Extractor  
  16  1:03  Drone  
  16  1:23  Spawning Pool  
  15  1:54  Drone  
  15  1:55  Drone x2  
  15  1:59  Drone  
  19  2:08  Drone  
  20  2:11  Drone  
  20  2:13  Queen  
  23  2:15  Lair  
  23  2:18  Drone  
  23  2:20  Drone  
  25  2:27  Drone, Extractor  
  25  2:30  Drone  
  26  2:53  Drone  
  26  2:54  Drone, Overlord  
  27  3:10  Drone, Overlord  
  27  3:11  Queen, Overlord  
  30  3:32  Drone, Spire  
  30  3:34  Drone  
  30  3:36  Drone  
  30  3:39  Hatchery  
  31  3:52  Drone x2  
  31  3:55  Overlord  
  33  3:56  Drone x3  
  36  4:02  Queen  
  36  4:09  Drone x2  
  40  4:14  Drone  
  40  4:15  Drone  
  42  4:18  Drone x2  
  42  4:19  Drone  
  45  4:28  Drone x2  
  45  4:29  Drone  
  48  4:46  Mutalisk x2, Corruptor  
  48  4:47  Mutalisk  
  48  4:51  Mutalisk  
  58  5:02  Overseer  
  53  5:11  Zergling x4, Overlord x2  
  48  5:25  Mutalisk  
  48  5:26  Drone x5  
  51  5:34  Mutalisk  
  51  5:35  Drone x3  
  52  5:37  Drone x2  
  52  5:38  Drone  
  56  5:55  Queen  
  56  5:56  Overlord  
  58  5:57  Drone  
  59  6:04  Drone  
  59  6:05  Drone, Overlord  
  59  6:06  Drone  
  59  6:11  Mutalisk  
  62  6:12  Drone x2  
  62  6:14  Extractor, Spine Crawler  
  62  6:15  Spore Crawler  
  62  6:17  Spore Crawler  
  62  6:20  Spore Crawler  
  62  6:24  Spine Crawler  
  62  6:25  Drone x2  
  62  6:26  Drone  
  62  6:30  Mutalisk  
  61  6:51  Spire  
  60  7:00  Drone x2  
  60  7:01  Drone x3  
  65  7:03  Drone  
  65  7:08  Spine Crawler  
  65  7:09  Spine Crawler  
Tags
 
Add a new tag
Caveats
  • Supply blocks, unpowered buildings, or Contaminate may cause inaccurate times.
  • Supply counts are checked every 10 seconds.